Map: Acropolis LE

Players

Smeeeger

  • Race: Zerg Zerg
  • League: Platinum
  • Spawn Location: 5:00

VOD

Have the link to the VOD?

Description

Time

  • Played on: July 12, 2019, 8:06 a.m.
  • Length: 15:24
Show
View Real Time Build Order
Export as new Build Order

Smeeeger Zerg 

Build Orders:  

Get SALT Encoding   

  12  0:10  Drone  
  13  0:21  Overlord  
  13  0:27  Drone  
  14  0:55  Drone x2  
  14  0:58  Drone  
  17  1:11  Drone  
  18  1:27  Hatchery  
  17  1:42  Spawning Pool  
  17  1:43  Drone  
  17  1:57  Drone x2  
  19  2:02  Extractor  
  18  2:12  Drone  
  19  2:26  Overlord  
  19  2:48  Queen  
  21  2:51  Zergling x2  
  21  2:57  Zergling x2  
  23  3:07  Queen  
  23  3:08  Zergling x2  
  26  3:11  Drone  
  27  3:31  Drone  
  27  3:32  Drone  
  27  3:38  Queen  
  31  3:51  Overlord  
  31  3:57  Queen  
  33  4:05  Drone x2  
  33  4:07  Overlord  
  35  4:16  Metabolic Boost  
  32  4:53  Drone x3  
  32  4:54  Drone x3  
  32  4:55  Drone  
  32  4:56  Drone  
  40  5:08  Drone x3  
  40  5:09  Overlord  
  43  5:12  Hatchery  
  43  5:14  Drone  
  43  5:15  Drone  
  44  5:32  Extractor  
  44  5:33  Drone  
  44  5:34  Drone  
  44  5:35  Drone x2, Extractor  
  44  5:36  Drone x3  
  44  5:38  Overlord  
  49  6:00  Zergling x4  
  51  6:14  Baneling Nest  
  51  6:19  Lair  
  50  6:32  Overlord  
  50  6:33  Overlord x2  
  50  6:34  Drone  
  50  6:35  Drone x4  
  55  6:48  Zergling x4  
  57  6:55  Queen  
  59  7:00  Zergling x6  
  59  7:01  Zergling x4  
  59  7:05  Drone x2  
  59  7:06  Drone  
  67  7:18  Drone x2  
  67  7:19  Evolution Chamber x2  
  67  7:25  Centrifical Hooks  
  67  7:27  Baneling  
  67  7:28  Baneling x3  
  67  7:33  Drone x2  
  67  7:34  Drone  
  70  7:42  Drone x3  
  70  7:43  Drone  
  74  7:59  Drone  
  75  8:02  Overlord x3  
  75  8:03  Zergling x2  
  75  8:04  Zergling x8  
  75  8:07  Baneling x3  
  75  8:08  Baneling x2  
  80  8:12  Zerg Ground Armor Level 1, Zerg Melee Weapons Level 1  
  80  8:23  Drone  
  80  8:24  Drone x2  
  80  8:27  Overlord x3  
  80  8:28  Overlord  
  83  8:47  Extractor x2  
  83  8:49  Spore Crawler  
  80  8:50  Spore Crawler  
  80  8:52  Spore Crawler, Overseer  
  80  8:53  Pneumatized Carapace  
  80  8:55  Drone x2  
  80  8:58  Drone  
  80  8:59  Drone x3  
  84  9:00  Drone x2  
  84  9:01  Drone  
  87  9:27  Zergling x6  
  87  9:28  Zergling x16  
  98  9:30  Baneling  
  98  9:31  Baneling x10  
  98  10:10  Hatchery, Extractor  
  98  10:19  Zergling x24  
  105  10:35  Zergling x2  
  105  10:36  Zergling x14  
  100  10:56  Drone x6  
  97  11:10  Baneling x14  
  97  11:11  Baneling x8  
  97  11:12  Baneling x2  
  97  11:22  Zerg Melee Weapons Level 2  
  97  11:23  Zerg Ground Armor Level 2  
  97  11:27  Infestation Pit  
  96  11:38  Zergling x2  
  96  11:39  Zergling x24  
  109  11:53  Hydralisk Den  
  108  12:02  Drone  
  108  12:03  Drone x4, Evolution Chamber  
  108  12:04  Drone, Queen  
  108  12:07  Baneling x2  
  108  12:08  Baneling x21  
  115  12:13  Drone  
  115  12:14  Drone x2  
  115  12:15  Overlord x4  
  102  13:02  Hive  
  102  13:06  Zergling x10  
  102  13:07  Zergling x34  
  107  13:33  Hydralisk x7  
  121  13:43  Baneling x7  
  121  13:44  Baneling x5  
  121  13:45  Baneling  
  121  13:47  Baneling  
  121  13:50  Baneling  
  112  14:13  Hydralisk x5  
  112  14:19  Zergling x2  
  104  14:20  Zergling x18  
  104  14:27  Zergling x14  
  114  14:54  Unknown  
Tags
 
League
Platinum
Matchup
Co-op
Replay Pack
SC2 replays
Add a new tag
Caveats
  • Supply blocks, unpowered buildings, or Contaminate may cause inaccurate times.
  • Supply counts are checked every 10 seconds.